 Dungeon Crawl Stone Soup version 0.31-a0-152-g6aa68a64a1 (webtiles) character file.

Game seed: 997439275367884160

28 comborobin the Sneak (level 2, 0/19 HPs)
             Began as a Deep Elf Delver on June 10, 2023.
             Was an Initiate of Cheibriados.
             Slain by a ball python (3 damage)
             ... on level 4 of the Dungeon.
             The game lasted 00:01:22 (494 turns).

comborobin the Sneak (Deep Elf Delver)               Turns: 494, Time: 00:01:23

Health: 0/19       AC:  3    Str:  8 (10) XL:     2   Next: 96%
Magic:  4/4        EV: 12    Int: 14 (15) God:    Cheibriados [......]
Gold:   6          SH:  0    Dex: 15 (17) Spells: 1/1 levels left

rFire   . . .        a - +0 short sword
rCold   . . .        (no shield)
rNeg    . . .        b - +0 leather armour
rPois   +            (no helmet)
rElec   .            (no cloak)
rCorr   .            (no gloves)
SInv    .            (no boots)
Will    .....        (no amulet)
Stlth   +++          h - ring of poison resistance
HPRegen 0.23/turn    (no ring)
MPRegen 0.09/turn

%: no passive effects
@: slow
A: no striking features
a: Renounce Religion


You were on level 4 of the Dungeon.
You worshipped Cheibriados.
Cheibriados was noncommittal.
You visited 2 branches of the dungeon, and saw 3 of its levels.

You collected 6 gold pieces.

Inventory:

Hand Weapons
 a - a +0 short sword (weapon)
Armour
 b - a +0 leather armour (worn)
Jewellery
 h - a ring of poison resistance (left hand)
Wands
 g - a wand of digging (1)
Scrolls
 i - a scroll of identify
 j - a scroll of torment
Potions
 d - a potion of degeneration


   Skills:
 + Level 3.4 Fighting
 - Level 2.0 Short Blades
 - Level 2.4 Dodging
 - Level 6.0 Stealth


You had one spell level left.
You didn't know any spells.
Your spell library was empty.

Dungeon Overview and Level Annotations

Branches:
Dungeon (5/15)             Temple (1/1) D:4

Altars:
Cheibriados
Dithmenos
Elyvilon
Gozag
Hepliaklqana
Kikubaaqudgha
Nemelex Xobeh
Okawaru
Qazlal
Ru
Sif Muna
Trog
Uskayaw
Vehumet
Wu Jian
Xom
Yredelemnul
Zin


Message History

What are your orders? t - Shout!
Orders for allies: a - Attack new target. r - Retreat! s - Stop attacking. g - Guard the area. f - Follow me.
Anything else - Cancel.
You shout for attention!
The ball python hisses angrily.
You hear a shout!
The black bear bites you! The black bear claws you.
The black bear barely misses you. The ball python bites you.
The ball python closely misses you.
The ball python bites you but does no damage.
The ball python completely misses you.
The ball python attacks as you move away!
The ball python misses you. The ball python closely misses you.
The ball python grabs you. The ball python constricts you.
You escape the ball python's grasp.
The ball python attacks as you move away!
The ball python barely misses you. The ball python closely misses you.
The ball python bites you. The ball python grabs you.
The ball python constricts you.
The ball python's grasp on you weakens, but your attempt to escape fails.
The ball python bites you.
* * * LOW HITPOINT WARNING * * *
The ball python constricts you.
You escape the ball python's grasp.
The ball python attacks as you move away!
The ball python barely misses you. The ball python completely misses you.
The ball python attacks as you move away!
The ball python closely misses you. The ball python barely misses you.
The ball python grabs you. The ball python constricts you.
* * * LOW HITPOINT WARNING * * *
As you read the scroll of fog, it crumbles to dust.
The scroll dissolves into smoke.
The ball python barely misses you. The ball python constricts you.
You escape the ball python's grasp.
The ball python bites you.
* * * LOW HITPOINT WARNING * * *
The ball python misses you. The ball python bites you.
You die...

. ## ##. .. #.. .#
#.## .# ###.. ...
.###...#######..
.#.#.#.......#..
###.#.$_..##.#..#..
#§@.#.#.####.#..#.#
#S###...# #.#. ...
#§# #h### #.#.##.#
#h# #.# #.#....#
#§###.# #.##....
#§§...# #....h..
####### ####....
#.... #....


You could see a ball python.

Vanquished Creatures
  3 adders (D:4)
3 creatures vanquished.

Vanquished Creatures (others)
  A human (D:4)
1 creature vanquished.

Grand Total: 4 creatures vanquished

Notes
Turn   | Place    | Note
-------+----------+-------------------------------------------
     0 | D:5      | comborobin the Deep Elf Delver began the quest for the Orb.
     0 | D:5      | Reached XP level 1. HP: 13/13 MP: 3/3
    79 | D:5      | Noticed a scorpion
   101 | D:4      | Found an ancient bone altar of Kikubaaqudgha.
   102 | D:4      | Noticed a human
   104 | D:4      | Killed a human
   117 | D:4      | Reached XP level 2. HP: 18/19 MP: 4/4
   146 | D:4      | Noticed an ogre
   193 | D:4      | Found a staircase to the Ecumenical Temple.
   211 | Temple   | Entered the Ecumenical Temple
   397 | Temple   | Became a worshipper of Cheibriados the Contemplative
   453 | D:4      | Noticed a black bear
   474 | D:4      | Found a hide-covered altar of Uskayaw.
   494 | D:4      | Slain by a ball python

Illustrated notes

Levels and vault maps discovered:
D:4:      layout_basic, tgw_kikubaaqudgha, lemuel_crystal_altar,
          minmay_temple_entry_gardened_gates, uniq_natasha
D:5:      layout_loops_corners
Temple:   nicolae_temple_slightly_damp_pantheon

Skill      XL: |  1 |
---------------+----+-----
Fighting       | 3 |  3.4
Short Blades   | |  2.0
Dodging        | |  2.4
Stealth        | |  6.0

Action                     || total
---------------------------++-------
  Melee: Short sword       ||    12
  Evoke: Wand              ||     2
    Use: Scroll            ||     4
         Potion            ||     2
   Stab: Sleeping          ||     1
 Armour: Leather armour    ||     3
  Dodge: Dodged            ||    25

Table legend: (Time is in decaauts)
 A = Elapsed time spent in this place.
 B = Non-inter-level travel time spent in this place.
 C = Inter-level travel time spent in this place.
 D = Time resting spent in this place.
 E = Time spent auto-exploring this place.
 F = Levels seen in this place.
 G = Mean time per level.
                   A        B        C        D        E       F      G
               +--------+--------+--------+--------+--------+-----+--------+
         Total |    498 |    469 |     29 |      4 |    269 |   3 |  166.0 |
       Dungeon |    300 |    299 |      1 |      4 |    117 |   2 |  150.0 |
        Temple |    198 |    170 |     28 |      0 |    152 |   1 |  198.0 |
               +--------+--------+--------+--------+--------+-----+--------+

Top non-repeatable levels by time:
     D:4: 216 daAuts
  Temple: 198 daAuts
     D:5: 83 daAuts
